 Seeded DCSS version 0.31-a0-496-g6f97920a28 (webtiles) character file.

Game seed: 7415222406553760909 (custom seed)

211 innerfire43 the Changeling (level 5, 0/55 HPs)
             Began as a Demonspawn Shapeshifter on Aug 8, 2023.
             Slain by an iguana (5 damage)
             ... on level 3 of the Dungeon.
             The game lasted 00:04:30 (2559 turns).

innerfire43 the Changeling (DsSh)                   Turns: 2559, Time: 00:04:31

Health: 0/55       AC: 22    Str: 17    XL:     5   Next: 57%
Magic:  5/5        EV:  2    Int: 13    God:
Gold:   175        SH:  0    Dex: 12    Spells: 4/4 levels left

rFire   . .          .
                       - Unarmed
rCold   . . .        (no shield)
rNeg    . . .        l - melded +1 robe {rC+}
rPois   +            r - melded +0 helmet
rElec   .            q - melded +2 cloak
rCorr   .            o - melded +1 pair of gloves
SInv    .            (boots currently unavailable)
Will    .....        (no amulet)
Stlth   +            e - ring of wizardry
HPRegen 0.29/turn    i - ring of wizardry
MPRegen 0.09/turn

%: wizardry (x2)
@: brilliant, tree-form
A: stationary, stasis, torment immunity, boosted hp, (spiny 1), clever 1
a: no special abilities


You were on level 3 of the Dungeon.
You were a tree.
You visited 1 branch of the dungeon, and saw 3 of its levels.

You collected 175 gold pieces.

Inventory:

Armour
 a - a +0 animal skin
 l - a +1 robe of cold resistance (melded)
 o - a +1 pair of gloves (melded)
 q - a +2 cloak (melded)
 r - a +0 helmet (melded)
Jewellery
 e - a ring of wizardry (left branch)
 g - a ring of positive energy
 i - a ring of wizardry (right branch)
 n - a ring of poison resistance
Talismans
 c - a beast talisman
 d - a flux talisman
Scrolls
 h - 2 scrolls of teleportation {unknown}
 j - 4 scrolls of identify {unknown}
 k - a scroll of poison {unknown}
 p - 2 scrolls of fog {unknown}
 s - a scroll of noise {unknown}
 v - 2 scrolls of fear {unknown}
Potions
 b - a potion of lignification


   Skills:
 - Level 1.0 Fighting
 + Level 3.2 Dodging
 - Level 3.2 Unarmed Combat
 * Level 4.2 Shapeshifting


You had 4 spell levels left.
You didn't know any spells.
Your spell library was empty.

Dungeon Overview and Level Annotations

Branches:
Dungeon (3/15)

Altars:
Dithmenos
Nemelex Xobeh
Qazlal
Uskayaw
Yredelemnul

Shops:
D:1 ?

Annotations:
D:3 1 transporter


Innate Abilities, Weirdness & Mutations

You are a tree.
Your roots penetrate the ground, keeping you stationary.
You cannot be teleported.
You are immune to unholy pain and torment.
Your maximum health is greatly increased.
Your equipment is partially melded.
((You are partially covered in sharp spines.))
Your mind is acute. (Int +4, Str/Dex -1)


Message History

You kill the bullfrog!
The iguana bites you but does no damage.
The ice beast hits you but does no damage.
Your Dodging skill increases to level 3!
Your Shapeshifting skill increases to level 4!
Unknown command.
You smack the iguana!
The iguana is severely wounded.
The iguana bites you but does no damage.
The ice beast hits you but does no damage.
Unknown command.
You hit the iguana but do no damage.
The iguana is severely wounded.
The iguana bites you but does no damage.
The ice beast hits you.
* * * LOW HITPOINT WARNING * * *
The ice beast freezes you!
* * * LOW HITPOINT WARNING * * *
It was a potion of enlightenment.
Your roots keep you in place.
The iguana bites you but does no damage.
The ice beast hits you but does no damage.
It was a potion of brilliance.
You feel clever all of a sudden.
The iguana bites you but does no damage.
The ice beast hits you but does no damage.
It was a potion of mutation.
You feel extremely strange.
You feel less in control of your magic.
You regain control of your magic.
You feel clever.
The iguana bites you but does no damage.
The ice beast hits you but does no damage.
You barely miss the iguana.
The iguana is severely wounded.
Your enlightenment fades.
The iguana bites you but does no damage.
The ice beast barely misses you.
Unknown command.
You closely miss the iguana.
The iguana is severely wounded.
The iguana bites you.
You die...

###### ##....####
#####...#....##
##.....©.......###
#######..#########.....#
#....##.##8.....8##....#
#....##.#...†Yl...#....#
#..>..#.#....♣....#....# #####
#.......#.........#....# #...#
#.....#.#........©#....# #...#
#.....#.#.........#....###...#
#.....#.#.........#....'.'....
###.....#..$?$)?..#....###...#
#...#.##8$___$8##....# #...#
#...#..#########.....# #...#
#...##.....©........(# #...#


You could see an ice beast and an iguana.

Vanquished Creatures
  A bullfrog (D:3)
  Robin (D:2)
  4 adders
  A shadow imp (D:3)
  2 worms
  A dart slug (D:2)
  4 bats
  2 endoplasms
  2 giant cockroaches (D:2)
  17 goblins
  7 hobgoblins
  12 jackals
  7 quokkas
  5 ball pythons
  4 frilled lizards
  5 kobolds
  4 rats
79 creatures vanquished.

Notes
Turn   | Place    | Note
-------+----------+-------------------------------------------
     0 | D:1      | innerfire43 the Demonspawn Shapeshifter began the quest for
                  | the Orb.
     0 | D:1      | Reached XP level 1. HP: 15/15 MP: 1/1
    99 | D:1      | Gained mutation: You are partially covered in sharp spines.
                  | [demonic ancestry]
    99 | D:1      | Reached XP level 2. HP: 9/21 MP: 2/2
   190 | D:1      | Reached skill level 3 in Shapeshifting
   397 | D:1      | Reached XP level 3. HP: 24/26 MP: 3/3
   446 | D:1      | Found Onoqawk's Magic Scroll Emporium.
   983 | D:2      | Noticed Robin
  1039 | D:2      | Killed Robin
  1040 | D:2      | Reached XP level 4. HP: 9/32 MP: 4/4
  1882 | D:3      | Found a shadowy altar of Dithmenos.
  1910 | D:3      | Found a sparkling altar of Nemelex Xobeh.
  1994 | D:3      | Found a basalt altar of Yredelemnul.
  1994 | D:3      | Noticed an ice beast
  1997 | D:3      | Found a stormy altar of Qazlal.
  1997 | D:3      | Found a hide-covered altar of Uskayaw.
  1997 | D:3      | Found a transporter.
  1997 | D:3      | Noticed a bullfrog
  2059 | D:3      | Found a transporter.
  2246 | D:3      | Reached XP level 5. HP: 29/37 MP: 5/5
  2553 | D:3      | Reached skill level 4 in Shapeshifting
  2557 | D:3      | Gained mutation: Your spells are a little harder to cast,
                  | but a little more powerful. [potion of mutation]
  2557 | D:3      | Lost mutation: Your spells are a little harder to cast, but
                  | a little more powerful. [potion of mutation]
  2557 | D:3      | Gained mutation: Your mind is acute. (Int +4, Str/Dex -1)
                  | [potion of mutation]
  2559 | D:3      | Slain by an iguana

Illustrated notes

Levels and vault maps discovered:
D:1:      spicycebolla_green_bress_n_ham_2, layout_rooms, serial_shops, shop,
          minmay_misc_feat_hallway
D:2:      layout_basic, uniq_robin
D:3:      minmay_evil_eye, layout_basic,
          mainiacjoe_overflow_concentric_impassable, lemuel_tele_altar,
          gammafunk_temple_overflow_arena, nemelex_altar_shiori,
          kennysheep_generic_room_6

Skill      XL: |  1  2  3  4  5 |
---------------+----------------+-----
Dodging        | 2 3 |  3.2
Shapeshifting  | 3 4 |  4.2
Unarmed Combat | 3 |  3.2
Fighting       | |  1.0

Action                     |  1- 3 |  4- 6 || total
---------------------------+-------+-------++-------
  Melee: Unarmed           |   104 |    83 ||   187
         Punch             |     1 |       ||     1
    Use: Potion            |     1 |     6 ||     7
 Armour: Animal skin       |    21 |       ||    21
         Robe              |     8 |    13 ||    21
         Skin              |       |    76 ||    76
  Dodge: Dodged            |    83 |    39 ||   122
   Form: Flux              |       |     1 ||     1

Table legend: (Time is in decaauts)
 A = Elapsed time spent in this place.
 B = Non-inter-level travel time spent in this place.
 C = Inter-level travel time spent in this place.
 D = Time resting spent in this place.
 E = Time spent auto-exploring this place.
 F = Levels seen in this place.
 G = Mean time per level.
                   A        B        C        D        E       F      G
               +--------+--------+--------+--------+--------+-----+--------+
         Total |   2548 |   2264 |    284 |      0 |   1726 |   3 |  849.3 |
       Dungeon |   2548 |   2264 |    284 |      0 |   1726 |   3 |  849.3 |
               +--------+--------+--------+--------+--------+-----+--------+

Top non-repeatable levels by time:
     D:2: 1165 daAuts
     D:3: 881 daAuts
     D:1: 501 daAuts
